 Dungeon Crawl Stone Soup version 0.28.0-1-gb440e238dd (webtiles) character file.

Game seed: 6345433428058294164

53 smarlow the Conjurer (level 3, 0/20 HPs)
             Began as a Deep Elf Conjurer on Feb 24, 2022.
             Hit by a goblin thrown by Robin (2 damage)
             ... on level 2 of the Dungeon.
             The game lasted 00:02:19 (1442 turns).

smarlow the Conjurer (Deep Elf Conjurer)            Turns: 1442, Time: 00:02:19

Health: 0/20       AC:  3    Str:  4    XL:     3   Next: 64%
Magic:  4/9        EV: 12    Int: 24    God:
Gold:   67         SH:  0    Dex: 13    Spells: 5/8 levels left

rFire   . . .      SeeInvis .   g - +4 great sword
rCold   . . .      Faith    .   (shield currently unavailable)
rNeg    . . .      Spirit   .   a - +0 robe
rPois   .          Reflect  .   (no helmet)
rElec   .          Harm     .   (no cloak)
rCorr   .          Rampage  .   i - +0 pair of gloves
Will    .....                   (no boots)
Stlth   ++........              (no amulet)
HPRegen 0.06/turn               (no ring)
MPRegen 0.11/turn               (no ring)

@: no status effects
A: no striking features
a: no special abilities


You were on level 2 of the Dungeon.
You visited 1 branch of the dungeon, and saw 2 of its levels.

You collected 67 gold pieces.

Inventory:

Hand Weapons
 g - a +4 great sword (weapon)
Armour
 a - a +0 robe (worn)
 i - a +0 pair of gloves (worn)
Jewellery
 d - a ring of willpower
 h - a ring of protection from fire
Scrolls
 b - a scroll of enchant weapon {unknown}
 c - a scroll of vulnerability {unknown}
 f - a scroll of identify {unknown}
 j - a scroll of blinking {unknown}
Potions
 e - a potion of curing {unknown}


   Skills:
 * Level 1.0 Fighting
 * Level 0.9 Long Blades
 + Level 3.0 Dodging
 - Level 2.6 Stealth
 + Level 3.4 Spellcasting
 * Level 4.9 Conjurations


You had 5 spell levels left.
You knew the following spells:

 Your Spells              Type           Power      Damage    Failure   Level
a - Magic Dart            Conj           100%       1d8       1%          1
b - Searing Ray           Conj           54%        2d6       1%          2

Your spell library contained the following spells:

 Spells                   Type           Power      Damage    Failure   Level
 Dazzling Flash           Conj/Hex       30%        N/A       12%         3
 Fulminant Prism          Conj/Hex       7%         3d7       36%         4
 Iskenderun's Mystic Bla  Conj/Tloc      15%        2d5       36%         4


Dungeon Overview and Level Annotations

Branches:
Dungeon (2/15)

Altars:

Annotations:
D:2 Robin, Terence


Message History

Robin roars a battlecry!
The goblins go into a battle-frenzy!
The magic dart hits the goblin.
You kill the goblin!
Your Dodging skill increases to level 3!
The magic dart hits Robin.
Robin is lightly wounded.
Robin laughs in a distinctly smug fashion.
Robin throws the goblin at you! The goblin hits you but does no damage.
The goblin hits you with a +0 dagger. Robin throws the goblin at you!
The goblin hits you but does no damage.
You barely miss the goblin. The goblin hits you with a +0 dagger.
The goblin hits you but does no damage. The goblin hits you with a +0 dagger.
You closely miss the goblin.
The goblin no longer looks unusually strong.
The goblin misses you. The goblin barely misses you.
The goblin hits you but does no damage.
You closely miss the goblin.
The goblin no longer looks unusually strong. x2
The goblin misses you. The goblin hits you but does no damage.
The goblin hits you with a +0 dagger. The goblin barely misses you.
The goblin closely misses you. The goblin hits you with a +0 dagger.
Robin throws the goblin at you!
You slash the goblin!
You kill the goblin!
The goblin hits you with a +0 dagger.
* * * LOW HITPOINT WARNING * * *
The goblin misses you. The goblin hits you with a +0 dagger.
* * * LOW HITPOINT WARNING * * *
The goblin closely misses you.
Okay, then.
You see here a +0 dagger.
Robin throws the goblin at you! The goblin hits you but does no damage.
The goblin barely misses you.
Robin roars a battlecry!
The goblins go into a battle-frenzy!
The goblin hits you with a +0 dagger.
* * * LOW HITPOINT WARNING * * *
Robin throws the goblin at you!
You die...

######.######.##...#.>.....†>.
g).g.................#..#####
###..######............##
#...........##...#####..#######
#...#####.....................##
##.....##g#############...###...
#..###.....).## ###.# ####
##......#####.g###### #...
#†.###### ##g.@g..# ####. ####
######..... .. ##. .


You could see Robin and 3 goblins.

Vanquished Creatures
  An adder (D:2)
  4 ball pythons
  2 endoplasms
  2 giant cockroaches (D:1)
  8 goblins
  5 jackals (D:1)
  4 quokkas
  6 bats
  A kobold (D:1)
  6 rats
39 creatures vanquished.

Notes
Turn   | Place    | Note
-------+----------+-------------------------------------------
     0 | D:1      | smarlow the Deep Elf Conjurer began the quest for the Orb.
     0 | D:1      | Reached XP level 1. HP: 10/10 MP: 6/6
   308 | D:1      | Reached XP level 2. HP: 15/15 MP: 4/8
   512 | D:1      | Found a faded altar of an unknown god.
  1127 | D:2      | Noticed Terence
  1192 | D:2      | Reached XP level 3. HP: 20/20 MP: 7/9
  1195 | D:2      | Learned a level 2 spell: Searing Ray
  1418 | D:2      | Reached skill level 1 in Fighting
  1421 | D:2      | Noticed Robin
  1442 | D:2      | Hit by a goblin thrown by Robin

Illustrated notes

Levels and vault maps discovered:
D:1:      lightli_iron_boxes, layout_loops_ring,
          shapermc_ecumenical_altar_mp_vishouse
D:2:      layout_rooms, serial_shops, nicolae_lakefront_shop, uniq_terence,
          uniq_robin

Skill      XL: |  1  2  3 |
---------------+----------+-----
Fighting       | 1 |  1.0
Dodging        | 3 |  3.0
Long Blades    | |  0.9
Stealth        | |  2.6
Spellcasting   | |  3.4
Conjurations   | |  4.9

Action                   || total
-------------------------++-------
Melee: Great sword       ||     5
 Cast: Magic Dart        ||    75
  Use: Scroll            ||     1
Armor: Robe              ||    13
Dodge: Dodged            ||    29
